Map: Magannatha LE

Players

LigerMaNN - Winner!

  • Race: Zerg Zerg
  • League: Diamond
  • Spawn Location: 11:00

ZYLLB

  • Race: Protoss Protoss
  • Spawn Location: 5:00

VOD

Have the link to the VOD?

Description

Time

  • Played on: June 26, 2025, 3:31 a.m.
  • Length: 8:11
Show
View Real Time Build Order
Export as new Build Order

LigerMaNN Zerg - Winner!

Build Orders: Hatch First 

Get SALT Encoding   

  12  0:00  Drone  
  13  0:12  Overlord  
  13  0:17  Drone  
  14  0:31  Drone  
  14  0:32  Drone  
  16  0:47  Hatchery  
  15  0:51  Drone  
  15  0:55  Drone  
  17  0:58  Drone  
  18  1:10  Extractor  
  17  1:15  Spawning Pool  
  17  1:17  Drone  
  17  1:20  Drone  
  18  1:28  Drone  
  20  1:40  Drone  
  20  1:49  Drone  
  21  1:59  Overlord  
  21  2:05  Zergling x2  
  22  2:13  Zergling x4, Queen  
  22  2:14  Queen  
  22  2:15  Metabolic Boost  
  28  2:23  Drone x2  
  30  2:37  Hatchery  
  30  2:41  Overlord  
  29  2:44  Drone  
  29  2:46  Drone  
  29  2:49  Drone  
  32  3:02  Queen  
  32  3:03  Drone x2  
  36  3:08  Overlord  
  36  3:16  Zergling x6  
  39  3:30  Drone x4  
  43  3:40  Drone x2  
  45  3:49  Drone  
  45  3:50  Drone  
  45  3:52  Overlord  
  45  3:54  Lair  
  47  3:59  Roach Warren  
  47  4:00  Evolution Chamber  
  47  4:02  Spore Crawler  
  44  4:03  Spore Crawler  
  44  4:05  Drone x3  
  44  4:06  Drone x2  
  44  4:07  Extractor  
  44  4:08  Drone  
  47  4:34  Drone x9  
  56  4:46  Drone x3, Extractor  
  56  4:47  Drone, Extractor  
  56  4:48  Drone x2  
  56  4:49  Drone x2  
  56  4:50  Overlord x2  
  62  4:58  Drone x2  
  64  5:00  Overlord  
  64  5:04  Zerg Missile Weapons Level 1  
  64  5:08  Glial Reconstitution  
  64  5:21  Overlord x4  
  62  5:31  Roach x9  
  62  5:32  Roach  
  84  5:43  Roach x4  
  84  5:44  Roach  
  84  5:45  Zergling x4  
  84  5:46  Zergling x2  
  95  5:53  Pneumatized Carapace  
  95  5:54  Zergling x6  
  98  6:19  Overlord x3  
  98  6:29  Roach  
  98  6:30  Roach x7  
  98  6:32  Overlord x2  
  114  6:33  Overlord x3  
  112  6:49  Roach x3  
  112  6:50  Roach x7  
  122  7:12  Roach  
  122  7:13  Roach x9  
  139  7:29  Overlord x4  
  145  8:09  Hydralisk Den  
Show
View Real Time Build Order
Export as new Build Order

ZYLLB Protoss 

Build Orders: Phoenix Opening, Blink Stalkers 

Get SALT Encoding   

  12  0:01  Probe  
  13  0:13  Probe  
  14  0:20  Pylon  
  14  0:25  Probe  
  15  0:37  Probe  
  15  0:40  Gateway  
  16  0:44  Assimilator  
  16  0:45  Probe  
  17  0:53  Probe  
  18  1:05  Probe  
  19  1:17  Probe  
  20  1:27  Cybernetics Core  
  20  1:29  Probe  
  20  1:32  Pylon  
  21  1:48  Nexus  
  21  1:50  Probe  
  22  1:59  Adept  
  22  2:00  Assimilator  
  22  2:02  Probe  
  25  2:11  Warp Gate  
  25  2:15  Probe  
  26  2:25  Pylon  
  26  2:27  Probe  
  27  2:32  Sentry  
  27  2:36  Phoenix  
  29  2:39  Probe  
  29  2:43  Twilight Council  
  30  2:51  Probe  
  31  2:56  Gateway  
  31  3:00  Probe  
  31  3:03  Probe  
  33  3:08  Probe  
  33  3:10  Gateway  
  34  3:15  Probe  
  34  3:17  Probe  
  35  3:23  Probe, Blink  
  35  3:25  Shield Battery  
  36  3:29  Probe  
  38  3:34  Phoenix  
  38  3:38  Probe  
  38  3:42  Probe  
  40  3:54  Probe x2  
  42  4:03  Stalker x2  
  42  4:06  Probe x2  
  42  4:08  Pylon  
  48  4:12  Pylon  
  48  4:27  Stalker x2  
  48  4:29  Probe x2  
  54  4:32  Pylon  
  54  4:40  Shield Battery  
  54  4:44  Stalker  
  56  4:50  Stalker  
  58  4:53  Probe x2  
  58  4:54  Nexus  
  58  4:59  Pylon  
  60  5:01  Pylon  
  60  5:02  Phoenix  
  60  5:07  Robotics Facility  
  60  5:11  Probe x2  
  62  5:16  Assimilator  
  62  5:19  Assimilator  
  62  5:23  Stalker x2  
  66  5:30  Probe x2  
  68  5:36  Stalker  
  68  5:41  Templar Archives  
  68  5:42  Probe x2  
  72  5:47  Immortal  
  72  5:54  Probe x2  
  78  6:06  Probe x3  
  81  6:12  Stalker x2  
  81  6:18  Probe x3  
  86  6:19  Assimilator  
  86  6:20  Assimilator  
  86  6:22  Observer, Forge  
  86  6:23  Forge  
  88  6:27  Shield Battery  
  88  6:30  Probe x2  
  91  6:35  Immortal  
  91  6:43  Stalker x2  
  99  6:49  Probe x3  
  102  6:54  Pylon  
  102  6:55  Stalker  
  97  7:13  Stalker x2  
  97  7:14  Probe  
  97  7:15  Probe x2  
  104  7:25  Gateway, Stalker  
  104  7:26  Probe  
  104  7:27  Gateway  
  107  7:30  Immortal  
  111  7:39  Pylon  
  111  7:42  Pylon  
  111  7:48  Sentry x2  
  114  7:56  Zealot  
Tags
 
Add a new tag
Caveats
  • Supply blocks, unpowered buildings, or Contaminate may cause inaccurate times.
  • Supply counts are checked every 10 seconds.